 Dungeon Crawl Stone Soup version 0.30.1 (webtiles) character file.

Game seed: 9705033524601679661

29817 Nicoed the Executioner (level 13, 0/105 HPs)
             Began as a Minotaur Fighter on July 7, 2023.
             Was a High Priest of Okawaru.
             Killed by divine providence
             ... invoked by a meliai
              (16 damage)
             ... on level 13 of the Dungeon on July 8, 2023.
             The game lasted 00:34:20 (17063 turns).

Nicoed the Executioner (Minotaur Fighter)          Turns: 17063, Time: 00:34:20

Health: 0/105      AC: 15    Str: 26    XL:     13   Next: 17%
Magic:  18/18      EV: 10    Int:  5    God:    Okawaru [*****.]
Gold:   862        SH:  0    Dex: 10    Spells: 12/12 levels left

rFire   . . .        J - +2 broad axe
rCold   . . .        n - +0 tower shield
rNeg    . . .        N - +0 plate armour
rPois   .            (helmet restricted)
rElec   .            (no cloak)
rCorr   .            (no gloves)
SInv    +            c - +1 pair of boots
Will    .....        (no amulet) Stlth
                     p - +5 ring of evasion
HPRegen 0.37/turn    z - ring of see invisible
MPRegen 0.16/turn

%: no passive effects
@: confused, ambrosia-drunk
A: horns 2, retaliatory headbutt
a: Renounce Religion, Heroism, Finesse, Duel


You were on level 13 of the Dungeon.
You worshipped Okawaru.
Okawaru was extremely pleased with you.
You visited 3 branches of the dungeon, and saw 16 of its levels.
You visited the Abyss 1 time.
You also visited: Ossuary.

You collected 1395 gold pieces.
You spent 533 gold pieces at shops.

Inventory:

Hand Weapons
 C - a +0 falchion of flaming
 J - a +2 broad axe (weapon)
Missiles
 H - 5 curare-tipped darts (quivered)
Armour
 c - a +1 pair of boots (worn)
 h - the +3 pair of boots of the Meadowlark {+Inv rPois rCorr Int-5}
   (You acquired it on level 10 of the Dungeon)

   Int:       It affects your intelligence (-5).
   rPois:     It protects you from poison.
   +Inv:      It lets you turn invisible.
   rCorr:     It protects you from acid and corrosion.
 n - a +0 tower shield (worn)
 N - a +0 plate armour (worn)
Jewellery
 p - a +5 ring of evasion (left hand)
 u - a ring of protection from cold
 z - a ring of see invisible (right hand)
 L - a +4 ring of protection
 O - a ring of protection from cold
Wands
 e - a wand of iceblast (10)
 j - a wand of mindburst (10)
 t - a wand of flame (25)
 E - a wand of digging (9)
 F - a wand of quicksilver (3)
 K - a wand of charming (27)
Scrolls
 a - a scroll of identify
 m - a scroll of teleportation
 o - a scroll of immolation
 s - 2 scrolls of magic mapping
 v - a scroll of noise
 A - 3 scrolls of enchant armour
 I - 2 scrolls of butterflies
Potions
 b - 4 potions of mutation
 d - 2 potions of might
 i - 2 potions of brilliance
 k - a potion of berserk rage
 l - a potion of resistance
 r - 2 potions of degeneration
 x - 2 potions of flight
 B - a potion of cancellation
 D - a potion of lignification
 G - 2 potions of magic
 P - 3 potions of ambrosia


   Skills:
 + Level 7.5 Fighting
 + Level 21.7 Axes
 + Level 7.5 Armour
 + Level 7.5 Shields
 - Level 8.0 Invocations


You had 12 spell levels left.
You didn't know any spells.
Your spell library contained the following spells:

 Spells                   Type           Power      Damage    Failure   Level
 Apportation              Tloc           0%         N/A       100%        1
 Foxfire                  Conj/Fire      0%         2x1d4     100%        1
 Magic Dart               Conj           0%         1d3       100%        1
 Blink                    Tloc           0%         N/A       100%        2
 Cigotuvi's Dreadful Rot  Necr/Pois/Air  0%         N/A       100%        2
 Searing Ray              Conj           0%         2d4       100%        2
 Ignite Poison            Fire/Tmut/Pois 0%         N/A       100%        3
 Mephitic Cloud           Conj/Pois/Air  0%         N/A       100%        3
 Stone Arrow              Conj/Erth      0%         3d7       100%        3
 Fulminant Prism          Conj/Hex       0%         3d5       100%        4
 Manifold Assault         Tloc           0%         N/A       100%        4
 Alistair's Intoxication  Tmut/Pois      0%         N/A       100%        5
 Fireball                 Conj/Fire      0%         3d3       100%        5
 Freezing Cloud           Conj/Ice/Air   0%         6-21      100%        5
 Plasma Beam              Fire/Air       0%         2x1d11    100%        6
 Starburst                Conj/Fire      0%         6d3       100%        6
 Storm Form               Tmut/Air       0%         N/A       100%        7
 Lehudib's Crystal Spear  Conj/Erth      0%         10d2      100%        8
 Call Imp                 Summ           Unusable   N/A       N/A         2
 Animate Armour           Summ/Erth      Unusable   N/A       N/A         4

Dungeon Overview and Level Annotations

Branches:
Dungeon (13/15)            Temple (1/1) D:6            Lair (0/5) D:9
    Orc (2/2) D:10            Elf (0/3) Orc:2       Ossuary (visited)
 Vaults: D:13-14

Altars:
Ashenzari
Cheibriados
Dithmenos
Elyvilon
Fedhas
Gozag
Hepliaklqana
Kikubaaqudgha
Makhleb
Nemelex Xobeh
Okawaru
Qazlal
Ru
Sif Muna
Trog
Uskayaw
Vehumet
Wu Jian
Xom
Yredelemnul
Zin
The Shining One

Shops:
D:1 *   D:12 (   Orc:2 *(([


Innate Abilities, Weirdness & Mutations

You have a pair of horns on your head.
You reflexively headbutt those who attack you in melee.


Message History

You furiously retaliate!
You headbutt the meliai!
You kill the meliai!
Okawaru accepts your kill.
Unknown command.
Unknown command.
Aiming: Quicksilver Bolt
Press: ? - help, Shift-Dir - straight line, f - human, p - meliai
Aim: a human (60% to hit)
The bolt of dispelling energy hits the human!
The human is moderately wounded.
The bolt of dispelling energy hits the meliai!
The meliai is heavily wounded.
The bolt of dispelling energy hits the human!
The human is moderately wounded.
The meliai calls down the wrath of its god upon you.
Something smites you!
* * * LOW HITPOINT WARNING * * *
The human hits you but does no damage.
Unknown command.
Unknown command.
You feel better. The human hits you but does no damage.
You block the human's attack.
Unknown command.
You are confused.
You feel invigorated. The human barely misses you. The human hits you.
* * * LOW HITPOINT WARNING * * *
Unknown command.
You're too confused to move!
The human hits you.
* * * LOW HITPOINT WARNING * * *
The human hits you.
* * * LOW HITPOINT WARNING * * *
Unknown command.
You bump into the rock wall.
The human hits you but does no damage. x2
The meliai invokes the aid of its god against you.
Something smites you!
* * * LOW HITPOINT WARNING * * *
Unknown command.
The meliai calls down the wrath of its god upon you.
Something smites you!
You die...

##.#.....# #
#..'.....# #
#..'..⌠..# #
##.C'....$# #
##.p.#...$$# #
#py#.#############
#.##..............
#p....############
#@#...... .
#.###.... . #.#
#.... .. ..#
#..... .. ...
....... ### ####
........


You could see 2 humans and a meliai.

Vanquished Creatures
  Jorgrun (Orc:1)
  An orc warlord (Orc:2)
  Josephine (Orc:1)
  Snorg (Orc:2)
  2 two-headed ogres
  Sonja (D:12)
  2 orc high priests (Orc:2)
  2 orc knights (Orc:2)
  2 orc sorcerers (Orc:2)
  5 cyclopes
  Maurice (D:8)
  A manticore (D:11)
  A gargoyle (D:12)
  A rime drake (D:9)
  A komodo dragon (D:8)
  2 unseen horrors (D:12)
  5 trolls
  A hornet (D:7)
  2 meliai (D:13)
  A queen bee (D:10)
  A large abomination (Abyss:2)
  9 wraiths
  2 shadows
  2 wyverns
  19 yaks
  A basilisk (D:12)
  3 steam dragons
  6 wargs
  An acid dragon (D:10)
  A small abomination (Abyss:2)
  31 orc warriors
  6 ice beasts (D:9)
  A sky beast (D:7)
  A black bear (D:5)
  6 ogres
  2 wolves (D:9)
  2 centaurs (D:6)
  7 phantoms
  8 bullfrogs
  2 gnoll sergeants
  7 scorpions
  36 killer bees
  2 troll zombies (D:10)
  A centaur zombie (Ossuary)
  4 human zombies (Ossuary)
  17 orc priests
  8 hounds
  4 iguanas
  Ijyb (D:4)
  28 orc wizards
  3 scorpion zombies (Ossuary)
  A sleepcap (D:8)
  Natasha (thrice) (D:2)
  6 ogre zombies (D:10)
  3 mummies (Ossuary)
  8 gnolls
  5 adders
  A shadow imp (D:5)
  A white imp (D:8)
  2 ufetubi
  A worm (D:3)
  3 dart slugs
  90 orcs
  3 ball pythons
  4 bats
  3 endoplasms
  4 giant cockroaches
  A gnoll zombie (Ossuary)
  5 goblins
  7 hobgoblins
  2 jackals (D:3)
  3 quokkas
  4 frilled lizards
  9 goblin zombies
  2 hobgoblin skeletons (D:10)
  3 kobolds
  A kobold zombie (Ossuary)
  An orc skeleton (D:10)
  17 orc zombies
  A rat (D:3)
450 creatures vanquished.

Notes
Turn   | Place    | Note
-------+----------+-------------------------------------------
     0 | D:1      | Nicoed the Minotaur Fighter began the quest for the Orb.
     0 | D:1      | Reached XP level 1. HP: 19/19 MP: 0/0
    22 | D:1      | Found Socha's General Store.
   144 | D:1      | Reached XP level 2. HP: 27/27 MP: 1/1
   300 | D:1      | Found a faded altar of an unknown god.
   589 | D:1      | Bought a potion of heal wounds for 50 gold pieces
   655 | D:2      | Noticed Natasha
   661 | D:2      | Killed Natasha
   662 | D:2      | Reached skill level 3 in Axes
   662 | D:2      | Reached XP level 3. HP: 27/33 MP: 2/2
   798 | D:2      | Reached skill level 4 in Axes
   798 | D:2      | Reached XP level 4. HP: 28/40 MP: 3/3
   848 | D:2      | Noticed Natasha
   856 | D:2      | Killed Natasha
   857 | D:2      | Reached skill level 5 in Axes
  1110 | D:2      | Noticed Natasha
  1113 | D:2      | Killed Natasha
  1484 | D:3      | Reached XP level 5. HP: 46/46 MP: 4/4
  1534 | D:3      | Reached skill level 6 in Axes
  2064 | D:4      | Noticed Ijyb
  2077 | D:4      | Killed Ijyb
  2176 | D:4      | Reached skill level 7 in Axes
  2208 | D:4      | Found a sand-covered staircase.
  2215 | Ossuary  | Entered an ossuary
  2230 | Ossuary  | Reached XP level 6. HP: 49/52 MP: 5/5
  2274 | Ossuary  | Reached skill level 8 in Axes
  2343 | Ossuary  | Reached XP level 7. HP: 57/59 MP: 6/6
  2348 | Ossuary  | Reached skill level 9 in Axes
  2377 | Ossuary  | Reached skill level 10 in Axes
  3263 | D:5      | Entered Level 5 of the Dungeon
  3325 | D:5      | Reached skill level 11 in Axes
  3325 | D:5      | Reached XP level 8. HP: 59/66 MP: 7/7
  3660 | D:5      | Reached skill level 12 in Axes
  4241 | D:6      | Reached skill level 13 in Axes
  4399 | D:6      | Found a staircase to the Ecumenical Temple.
  4475 | D:6      | Reached XP level 9. HP: 71/71 MP: 8/8
  4663 | D:7      | Reached skill level 14 in Axes
  4669 | D:7      | Paralysed by a hornet for 2 turns
  5310 | D:7      | HP: 3/71 [orc warrior/bolt (27)]
  5326 | D:7      | Reached skill level 15 in Axes
  5620 | Temple   | Entered the Ecumenical Temple
  6362 | D:6      | Found an iron altar of Okawaru.
  6370 | D:6      | Became a worshipper of Warmaster Okawaru
  6614 | D:1      | Bought a potion of mutation for 80 gold pieces
  6820 | D:8      | Noticed a komodo dragon
  6856 | D:8      | Killed a komodo dragon
  7470 | D:8      | Noticed Maurice
  7478 | D:8      | Killed Maurice
  7478 | D:8      | Reached * piety under Okawaru
  7479 | D:8      | Reached skill level 16 in Axes
  7479 | D:8      | Reached XP level 10. HP: 77/78 MP: 10/12
  7729 | D:8      | Reached ** piety under Okawaru
  7730 | D:8      | Reached skill level 5 in Invocations
  8254 | D:9      | Found a burning altar of Makhleb.
  8407 | D:9      | Found a staircase to the Lair.
  8668 | D:9      | Reached skill level 17 in Axes
  9173 | D:9      | Reached *** piety under Okawaru
  9940 | D:8      | Reached XP level 11. HP: 61/84 MP: 15/15
 10072 | D:10     | Entered Level 10 of the Dungeon
 10439 | D:10     | Found a staircase to the Orcish Mines.
 10611 | D:10     | Noticed a two-headed ogre
 10620 | D:10     | Killed a two-headed ogre
 10621 | D:10     | Reached skill level 18 in Axes
 10653 | D:10     | Reached **** piety under Okawaru
 11038 | D:10     | Reached skill level 19 in Axes
 11284 | Orc:1    | Entered Level 1 of the Orcish Mines
 11289 | Orc:1    | Noticed Josephine
 11302 | D:10     | Identified a scroll of acquirement
 11302 | D:10     | Acquired the +3 pair of boots of the Meadowlark {+Inv rPois
                  | rCorr Int-5}
 11314 | D:10     | Lost intelligence.
 11441 | D:11     | Identified the +8 rapier "Optevviv" {venom, rC+ rCorr Int-3
                  | SInv}
 12749 | Orc:1    | Reached skill level 20 in Axes
 12751 | Orc:1    | Killed Josephine
 12752 | Orc:1    | HP: 4/126 [wraith[Josephine] (6)]
 12754 | Orc:1    | Reached ***** piety under Okawaru
 13074 | Orc:2    | Entered Level 2 of the Orcish Mines
 13074 | Orc:2    | Noticed an orc sorcerer
 13079 | Orc:2    | Killed an orc sorcerer
 13080 | Orc:2    | Reached XP level 12. HP: 69/91 MP: 17/17
 13254 | Orc:1    | Noticed Jorgrun
 13267 | Orc:1    | Killed Jorgrun
 13269 | Orc:1    | Reached skill level 21 in Axes
 13627 | Orc:2    | Found Unlui's Weapon Emporium.
 13788 | Orc:2    | Found a staircase to the Elven Halls.
 13799 | Orc:2    | Received a gift from Okawaru
 14155 | Orc:2    | Noticed an orc high priest
 14155 | Orc:2    | Noticed Snorg
 14168 | Orc:2    | Reached skill level 5 in Armour
 14174 | Orc:2    | Killed Snorg
 14174 | Orc:2    | Killed an orc high priest
 14175 | Orc:2    | Reached skill level 5 in Fighting
 14175 | Orc:2    | Reached skill level 5 in Shields
 14509 | Orc:2    | Noticed an orc high priest
 14511 | Orc:2    | Noticed an orc warlord
 14832 | Orc:2    | Noticed an orc high priest
 14843 | Orc:2    | Killed an orc high priest
 15025 | Orc:2    | Found Meag's General Store.
 15027 | Abyss:2  | Found a corrupted altar of Lugonu.
 15027 | Abyss:2  | Cast into level 2 of the Abyss (orc warrior)
 15059 | Abyss:2  | Found a corrupted altar of Lugonu.
 15160 | Orc:2    | Escaped the Abyss
 15160 | Orc:2    | HP: 3/96 [orc/+0 war axe (5)]
 15450 | Orc:2    | Killed an orc warlord
 15545 | Orc:2    | Found Sacw's Antique Armour Shoppe.
 15694 | Orc:2    | Found Niveulet's Antique Weapon Emporium.
 15767 | Orc:2    | Bought a potion of curing for 39 gold pieces
 15832 | Orc:2    | Bought a faintly glowing orb for 364 gold pieces
 15832 | Orc:2    | Identified the orb "Kenox" {guile, rC- Str+4} (You bought
                  | it in a shop on level 2 of the Orcish Mines)
 16134 | D:12     | Noticed a two-headed ogre
 16144 | D:12     | Killed a two-headed ogre
 16173 | D:12     | Reached XP level 13. HP: 65/105 MP: 18/18
 16264 | D:12     | Found Liumeno's Weapon Shop.
 16421 | D:12     | Noticed Sonja
 16457 | D:12     | Killed Sonja
 17057 | D:13     | HP: 1/105 [meliai/divine providence (14)]
 17063 | D:13     | Killed from afar by a meliai

Illustrated notes

Levels and vault maps discovered:
D:1:      nicolae_arrival_memento_mori, layout_rooms, serial_shops,
          nicolae_shop_statue_plus, shapermc_ecumenical_altar_starsandcircs,
          grunt_decor_resistance
D:2:      layout_basic, uniq_natasha
D:3:      layout_rooms, serial_bayou_lagoon_a
D:4:      layout_cave_pods, chequers_ossuary_entry_cave,
          chequers_serial_rivers_large_b, uniq_ijyb
D:5:      layout_loops_cross, cheibrodos_gnoll_hut
D:6:      layout_basic, mainiacjoe_overflow_alcove_2,
          minmay_temple_entry_from_below_a
D:7:      layout_basic
D:8:      layout_cave_pods, nicolae_fountain_basement, uniq_maurice
D:9:      layout_stronghold, hellmonk_lair_entry_icy, minmay_misc_feat_plants,
          david_defended_altar_orc
D:10:     layout_small_grid, zombieorc2_lemuel, special_room [special_room_bee]
D:11:     layout_grid_maze
D:12:     layout_irregular_city, serial_shops, shop, uniq_sonja
D:13:     layout_rooms, grunt_vaults_entry_tiered, serial_curves,
          eino_curves_02, eino_curves_03
Temple:   nicolae_temple_bog_church
Orc:1:    layout_diamond_mine, uniq_jorgrun, uniq_josephine
Orc:2:    grunt_orc_community_town_hall, layout_caves,
          grunt_orc_community_big_house_1, grunt_orc_community_big_house_2,
          grunt_orc_community_house_3, grunt_orc_community_house_3,
          grunt_orc_community_house_1, grunt_orc_community_house_1,
          grunt_orc_community_house_2, uniq_snorg

Skill      XL: |  1  2  3  4  5  6  7  8  9 10 11 12 |
---------------+-------------------------------------+-----
Fighting       | 4 7 |  7.5
Shields        | 4 7 |  7.5
Axes           | 3 4 5 7 8 11 13 16 17 20 21 | 21.7
Armour         | 4 7 |  7.5
Invocations    | 4 7 8 |  8.0

Action                     |  1- 3 |  4- 6 |  7- 9 | 10-12 | 13-15 || total
---------------------------+-------+-------+-------+-------+-------++-------
  Melee: War axe           |    50 |   118 |    93 |       |       ||   261
         Headbutt          |     5 |    24 |    37 |   118 |     9 ||   193
         Broad axe         |       |       |   152 |   674 |    36 ||   862
  Throw: Dart              |       |       |    11 |     8 |     1 ||    20
 Invoke: Heroism           |       |       |       |     9 |       ||     9
         Finesse           |       |       |       |     5 |       ||     5
  Evoke: Wand              |       |       |       |     5 |     7 ||    12
    Use: Scroll            |       |       |     8 |    17 |       ||    25
         Potion            |       |       |     6 |    13 |     8 ||    27
 Armour: Scale mail        |     4 |       |       |       |       ||     4
         Chain mail        |    24 |    54 |    89 |    14 |       ||   181
         Plate armour      |       |       |       |   305 |    38 ||   343
         Skin              |       |       |       |    70 |       ||    70
  Dodge: Dodged            |    32 |    23 |    70 |   138 |    24 ||   287
  Block: Buckler           |    10 |     2 |       |       |       ||    12
         Tower shield      |       |    45 |   137 |   419 |    54 ||   655
